 Dungeon Crawl Stone Soup version 0.31-a0-1447-g87ca8d402b (webtiles) character file.

Game seed: 5885257800768161217

214050 drugrobin the Tortoise (level 17, -11/166 HPs)
             Began as a Demigod Delver on Dec 27, 2023.
             Killed from afar by a merfolk aquamancer (30 damage)
             ... with a shard of ice
             ... on level 4 of the Shoals on Dec 28, 2023.
             The game lasted 02:02:58 (35136 turns).

drugrobin the Tortoise (Demigod Delver)            Turns: 35136, Time: 02:02:59

Health: -11/166    AC: 30    Str: 25    XL:     17   Next: 66%
Magic:  26/26      EV:  9    Int: 20    God:
Gold:   2025       SH:  6    Dex: 21    Spells: 22/22 levels left

rFire   . . .        a - +9 eveningstar (holy)
rCold   + . .        I - +1 buckler {rPois}
rNeg    . . .        R - +4 plate armour {rC+}
rPois   +            (no helmet)
rElec   .            t - scarf "Tompor" {repulsion, rPois Slay+3}
rCorr   .            q - +3 pair of gauntlets of War {Slay+5}
SInv    .            S - +1 pair of boots
Will    +....        L - amulet of regeneration Stlth
                     N - ring of flight
HPRegen 1.27/turn    E - +6 ring of dexterity
MPRegen 0.20/turn

%: repel missiles
@: flying, studying Evocations
A: high MP 1, forlorn, divine attributes
}: 1/15 runes: gossamer
a: no special abilities


You were on level 4 of the Shoals.
You visited 6 branches of the dungeon, and saw 32 of its levels.
You also visited: Bailey and Ice Cave.

You collected 2969 gold pieces.
You spent 944 gold pieces at shops.

Inventory:

Hand Weapons
 a - a +9 eveningstar of holy wrath (weapon)
 b - a +0 mace of venom
 c - a +0 sling of freezing
 h - a +2 morningstar of protection
Missiles
 j - 25 boomerangs (quivered)
 Q - a throwing net
 Z - a curare-tipped dart
Armour
 q - the +3 pair of gauntlets of War (worn) {Slay+5}
   (You acquired it on level 5 of the Lair of Beasts)

   Slay+5:    It affects your accuracy & damage with ranged weapons and melee
   (+5).
 t - the scarf "Tompor" (worn) {repulsion, rPois Slay+3}
   (You bought it in a shop on level 2 of the Orcish Mines)

   Slay+3:    It affects your accuracy & damage with ranged weapons and melee
   (+3).
   rPois:     It protects you from poison
 I - a +1 buckler of poison resistance (worn)
 R - a +4 plate armour of cold resistance (worn)
 S - a +1 pair of boots (worn)
Magical Staves
 l - a staff of death
 W - a staff of alchemy
Jewellery
 w - a ring of willpower
 z - a ring of protection from cold
 A - a ring of protection from cold
 E - a +6 ring of dexterity (right hand)
 L - an amulet of regeneration (around neck)
 N - a ring of flight (left hand)
Wands
 e - a wand of roots (12)
 g - a wand of digging (7)
 O - a wand of flame (33)
 T - a wand of mindburst (30)
 X - a wand of paralysis (5)
Scrolls
 k - 15 scrolls of teleportation
 m - 5 scrolls of fog
 s - 3 scrolls of vulnerability
 v - 3 scrolls of blinking
 x - 5 scrolls of poison
 y - 2 scrolls of enchant weapon
 B - a scroll of amnesia
 G - 8 scrolls of revelation
 J - 4 scrolls of immolation
 K - a scroll of enchant armour
 P - 3 scrolls of fear
Potions
 d - a potion of berserk rage
 f - 5 potions of haste
 i - 12 potions of curing
 o - 4 potions of heal wounds
 p - 5 potions of lignification
 u - 4 potions of enlightenment
 C - 4 potions of invisibility
 D - 3 potions of resistance {unknown}
 H - 2 potions of cancellation {unknown}
 M - 4 potions of attraction {unknown}
 V - 2 potions of might
 Y - 4 potions of ambrosia
Miscellaneous
 U - a tin of tremorstones (2/2)


   Skills:
 + Level 18.7 Fighting
 - Level 16.0 Maces & Flails
 + Level 20.1 Armour
 - Level 1.7 Dodging
 - Level 4.5 Stealth
 + Level 3.2 Spellcasting
 + Level 6.3 Evocations


You had 22 spell levels left.
You didn't know any spells.
Your spell library contained the following spells:

 Spells                   Type           Power      Damage    Failure   Level
 Freeze                   Ice            12%        1d3       65%         1
 Frozen Ramparts          Ice            6%         1d1       95%         3
 Fugue of the Fallen      Necr           3%         N/A       95%         3
 Hailstorm                Conj/Ice       3%         3d5       95%         3
 Inner Flame              Hex/Fire       3%         N/A       95%         3
 Ozocubu's Armour         Ice            3%         N/A       95%         3
 Tukima's Dance           Hex            3%         N/A       95%         3
 Anguish                  Hex/Necr       1%         N/A       100%        4
 Animate Dead             Necr           3%         N/A       100%        4
 Cause Fear               Hex            1%         N/A       100%        4
 Dimensional Bullseye     Hex/Tloc       1%         N/A       100%        4
 Flame Wave               Conj/Fire      3%         2d5       100%        4
 Iskenderun's Mystic Bla  Conj/Tloc      3%         2d3       100%        4
 Manifold Assault         Tloc           3%         N/A       100%        4
 Sticky Flame             Fire/Alch      3%         2d4       100%        4
 Summon Blazeheart Golem  Fire/Summ      3%         N/A       100%        4
 Vhi's Electric Charge    Tloc/Air       6%         N/A       100%        4
 Arcjolt                  Conj/Air       1%         1d11      100%        5
 Metabolic Englaciation   Hex/Ice        1%         N/A       100%        5
 Plasma Beam              Fire/Air       1%         2x1d11    100%        6
 Sculpt Simulacrum        Ice/Alch       1%         N/A       100%        6
 Enfeeble                 Hex            1%         N/A       100%        7
 Haunt                    Necr/Summ      1%         N/A       100%        7
 Orb of Destruction       Conj           1%         9d5       100%        7
 Spellforged Servitor     Conj/Summ      1%         N/A       100%        7
 Infestation              Necr           1%         N/A       100%        8
 Chain Lightning          Conj/Air       1%         3d2       100%        9
 Fire Storm               Conj/Fire      1%         8d1       100%        9
 Shatter                  Erth           1%         3d6*      100%        9


Dungeon Overview and Level Annotations

Branches:
Dungeon (14/15)            Temple (0/1) D:6            Lair (5/5) D:8
 Shoals (4/4) Lair:2       Spider (4/4) Lair:2        Slime (0/5) Lair:4
    Orc (2/2) D:12            Elf (3/3) Orc:2        Vaults (0/5) D:13
 Bailey (visited)           IceCv (visited)

Shops:
D:1 =   Orc:1 =   Orc:2 (([[*   Elf:1 *   Elf:2 =   Shoals:1 [   Shoals:3 ?

Annotations:
D:13 Rupert
Shoals:2 exclusion: downstairs
Spider:4 1 runed translucent door, Phlounder's ghost, adept DrCj
Elf:2 3 runed translucent doors, exclusion: door


Innate Abilities, Weirdness & Mutations

You have an increased reservoir of magic. (+10% MP)
You shall have no god before yourself.
Your divine heritage dramatically boosts your attributes as you level up.


Message History

A merfolk javelineer comes into view.
It is wielding a +2 spear of venom and quivering silver javelins.
The merfolk javelineer shouts!
The merfolk javelineer throws a silver javelin.
The silver javelin pierces through you!
* * * LOW HITPOINT WARNING * * *
x2 Unknown command.
Unknown command.
Unknown command.
Unknown command.
Unknown command.
As you read the scroll of fear, it crumbles to dust.
You assume a fearsome visage.
The merfolk javelineer looks frightened!
The merfolk looks frightened! x2
Unknown command.
Unknown command.
Unknown command.
Unknown command.
Aiming: Throw Flame
Press: ? - help, Shift-Dir - straight line, f/p - merfolk
Aim: a merfolk, wielding a +0 trident (water, almost dead, fleeing, 67% to hit)
You hear a splash.
You feel a bit more experienced.
Unknown command.
Unknown command.
Unknown command.
Unknown command.
Unknown command.
A merfolk aquamancer comes into view. It is wielding a +0 rapier.
Unknown command.
Unknown command.
The merfolk aquamancer shouts!
Unknown command.
Unknown command.
Unknown command.
Unknown command.
Unknown command.
The merfolk aquamancer casts a spell at you.
The shard of ice hits you!! You partially resist.
You die...

#≈.~..........~~~.~~~~~~≈## ~~
≈....#<.~~.....~~~~~~~~~≈~##~~~
......#.~......~~~~~~~~~≈~~#~~~
......#.....).~~~~~~~~~~≈~~'~
.........~~..~~~~~~~~~~≈≈~~#
........~~~~~~~~~~~~~≈≈≈≈~#
.....~..~~~~)~~~~~~~~≈≈≈≈#
.......~~~~~~~~~~~~~~≈≈≈##
.......~~~~~~~~~@~P~~~≈≈#
######.<.~~~~~~~~P~~~~≈≈#
....~####.~~~~~~~~~~~~≈≈#
~#...~##..~~~~~~~~~~~~~≈#
~~≈#.~≈#.~~~~~P~~~~~~P~~#
~≈≈≈≈~≈#~~~~~~~~Pm~~~~~~# ~##
≈≈##≈~≈#~~~~~~~~~~~~~~~~# m##
#≈#≈~~≈#~~~~~PPPP~~~~~~~##
~~~##
~≈≈~)#≈#≈≈≈≈≈≈≈P~P~~~~~~~##
m~~#


You could see a merfolk aquamancer.

Vanquished Creatures
  Arachne (Spider:3)
  Kirke (D:10)
  3 emperor scorpions
  Louise (Shoals:2)
  A deep elf sorcerer (Elf:1)
  2 ghost moths
  5 broodmothers (Spider:4)
  A deep elf annihilator (Elf:3)
  2 deep elf death magi (Elf:2)
  A spark wasp (Spider:3)
  Azrael (Spider:3)
  2 entropy weavers
  6 merfolk impalers
  Erolcha (D:12)
  4 jorogumos
  Harold (D:11)
  3 alligator snapping turtles
  4 hydras
  4 centaur warriors
  5 two-headed ogres
  A catoblepas (Lair:5)
  2 merfolk avatars
  2 boulder beetles
  8 death yaks
  A radroach (Spider:3)
  17 dancing weapons
  A merfolk aquamancer (Shoals:4)
  Urug (Lair:4)
  5 orc high priests
  7 demonic crawlers
  15 deep elf knights
  Sonja (D:11)
  Nergalle (Orc:1)
  3 skysharks
  7 pharaoh ants
  10 sea snakes
  A sun moth (Spider:4)
  A lindwurm (Lair:5)
  6 orb spiders
  3 arcanists
  10 deep elf archers
  12 harpies
  5 steelbarb worms
  25 deep elf pyromancers
  8 orc knights
  An oklob plant (Lair:1)
  6 fauns
  16 deep elf zephyrmancers
  8 orc sorcerers
  16 wolf spiders
  2 ugly things
  2 cyclopes
  10 manticores
  5 meliai
  3 kobold blastminers
  2 ice statues (IceCv)
  5 elephants (Lair:5)
  3 black mambas
  3 moths of wrath
  2 gargoyles (D:11)
  8 merfolk sirens
  7 water nymphs
  3 torpor snails
  5 molten gargoyles (D:13)
  11 cane toads
  An efreet (D:13)
  4 rime drakes
  13 komodo dragons
  A freezing wraith (IceCv)
  An unseen horror (D:12)
  Psyche (D:11)
  3 kobold demonologists (D:11)
  An anaconda simulacrum (IceCv)
  2 trolls (D:11)
  A queen bee (shapeshifter) (Elf:1)
  25 merfolk
  3 harpy zombies (Shoals:1)
  7 hornets
  4 wind drakes
  5 polar bears
  10 blink frogs
  Prince Ribbit (D:5)
  9 snapping turtles
  A hornet (shapeshifter) (D:13)
  22 tarantellas
  18 jumping spiders
  A shadow (D:9)
  18 culicivoras
  8 slime creatures
  7 wyverns
  2 vampires (D:11)
  61 yaks
  3 wraiths
  12 spriggans (Lair:5)
  2 air elementals (Elf:2)
  4 fire elementals
  8 water elementals
  7 basilisks
  16 humans (D:13)
  A warg (Elf:2)
  A hog (D:11)
  35 redbacks
  4 steam dragons
  4 vampire mosquitoes
  2 acid dragons
  15 water moccasins
  4 hell hounds (Spider:3)
  A manticore zombie (Shoals:1)
  6 black bears
  33 orc warriors
  An ice beast (D:6)
  9 ogres
  2 sky beasts
  7 boggarts
  32 wolves
  10 centaurs
  A phantom (D:4)
  3 kobold brigands
  7 bullfrogs
  An earth elemental (Elf:2)
  2 scorpions
  4 wights (D:7)
  12 killer bees
  An elephant simulacrum (IceCv)
  2 electric eels
  5 howler monkeys
  5 hounds
  3 jellies
  2 bombardier beetles
  A gnoll bouda (D:7)
  18 orc priests
  22 orc wizards
  A sleepcap (D:6)
  A wolf simulacrum (IceCv)
  7 adders
  12 gnolls
  A shadow imp (D:6)
  3 white imps
  4 ufetubi (D:6)
  3 worms
  4 dart slugs
  99 orcs
  2 bat zombies (Shoals:1)
  5 endoplasms
  3 giant cockroaches
  18 goblins
  14 hobgoblins
  13 kobolds
  4 quokkas
  9 ball pythons
  3 bats
  A frilled lizard (D:1)
  2 rats (D:3)
1067 creatures vanquished.

Vanquished Creatures (others)
  A tarantella (Spider:3)
  2 orcs
3 creatures vanquished.

Grand Total: 1070 creatures vanquished

Notes
Turn   | Place    | Note
-------+----------+-------------------------------------------
     0 | D:5      | drugrobin the Demigod Delver began the quest for the Orb.
     0 | D:5      | Reached XP level 1. HP: 18/18 MP: 3/3
   122 | D:3      | Upgraded the game from 0.31-a0-1424-g2add1c7226 to
                  | 0.31-a0-1447-g87ca8d402b
   284 | D:3      | Reached XP level 2. HP: 23/25 MP: 4/4
   728 | D:1      | Found Emmitoul's Jewellery Shop.
  1407 | D:2      | Reached XP level 3. HP: 29/30 MP: 5/5
  2253 | D:4      | Noticed a phantom
  2286 | D:4      | Killed a phantom
  2287 | D:4      | Reached XP level 4. HP: 13/37 MP: 6/6
  2751 | D:4      | Reached skill level 5 in Maces & Flails
  2856 | D:4      | Reached XP level 5. HP: 32/42 MP: 7/7
  3414 | D:4      | Identified the +3 dire flail "Qyxzis" {freeze, *Noise Will+
                  | Str+7 Stlth+}
  3859 | D:5      | Reached XP level 6. HP: 44/50 MP: 8/8
  3870 | D:5      | Noticed a steam dragon
  4007 | D:5      | Killed a steam dragon
  4367 | D:5      | Reached XP level 7. HP: 41/56 MP: 9/9
  4510 | D:5      | Noticed Prince Ribbit
  4522 | D:5      | Killed Prince Ribbit
  4866 | D:6      | Reached XP level 8. HP: 57/62 MP: 10/10
  4954 | D:6      | Found a staircase to the Ecumenical Temple.
  5582 | D:7      | Reached skill level 10 in Maces & Flails
  5869 | D:7      | Identified the +0 ring mail "Pephiaz" {rN+ Regen+}
  5944 | D:7      | Found a flagged portal.
  5981 | Bailey   | Entered a bailey
  6077 | Bailey   | Reached XP level 9. HP: 62/68 MP: 11/11
  6315 | Bailey   | Noticed an orc warlord
  7077 | D:8      | Found a staircase to the Lair.
  7654 | D:9      | Reached XP level 10. HP: 74/74 MP: 13/13
  8167 | D:9      | Reached skill level 5 in Fighting
  8233 | D:10     | Entered Level 10 of the Dungeon
  8332 | D:10     | Identified the +0 robe of the King of the Hill {Will+}
  8419 | D:10     | Paralysed by a hornet for 1 turns
  9208 | D:11     | Noticed Sonja
  9240 | D:11     | Killed Sonja
  9292 | D:11     | Noticed Harold
  9293 | D:11     | Noticed a two-headed ogre
  9322 | D:11     | Killed Harold
  9369 | D:11     | Found a frozen archway.
  9400 | D:11     | Reached XP level 11. HP: 95/95 MP: 14/14
  9423 | D:11     | Acquired a manual of Armour
  9431 | IceCv    | Entered an ice cave
  9452 | IceCv    | Reached skill level 1 in Armour
  9471 | IceCv    | Reached skill level 2 in Armour
  9486 | IceCv    | Found a transporter.
  9503 | IceCv    | Found a transporter.
  9539 | IceCv    | Reached skill level 3 in Armour
  9680 | IceCv    | Reached skill level 4 in Armour
  9780 | D:11     | Noticed a soul eater
  9797 | D:11     | Noticed a two-headed ogre
  9810 | D:11     | Killed a two-headed ogre
  9811 | D:11     | Reached skill level 5 in Armour
  9853 | D:11     | Reached skill level 10 in Fighting
  9865 | D:11     | Reached skill level 6 in Armour
  9934 | D:11     | Noticed a two-headed ogre
  9941 | D:11     | Killed a two-headed ogre
 10076 | D:11     | Reached skill level 7 in Armour
 10183 | D:11     | Killed a two-headed ogre
 10527 | Lair:1   | Entered Level 1 of the Lair of Beasts
 10571 | Lair:1   | Reached skill level 8 in Armour
 10749 | Lair:1   | Reached skill level 9 in Armour
 10769 | Lair:1   | Reached XP level 12. HP: 90/110 MP: 15/15
 11158 | Lair:1   | Reached skill level 10 in Armour
 11621 | Lair:2   | Found a staircase to the Shoals.
 11750 | Lair:2   | Reached skill level 11 in Armour
 11843 | Lair:2   | Noticed a four-headed hydra
 11908 | Lair:2   | Killed a four-headed hydra
 12156 | Lair:2   | Found a hole to the Spider Nest.
 12851 | Lair:3   | Reached skill level 12 in Armour
 13156 | Lair:4   | Found a staircase to the Slime Pits.
 13495 | Lair:4   | Noticed Urug
 13511 | Lair:4   | Killed Urug
 13626 | Lair:4   | Reached XP level 13. HP: 105/122 MP: 16/16
 14059 | Lair:4   | You fall into a shaft and drop 1 floor!
 14059 | Lair:5   | Entered Level 5 of the Lair of Beasts
 14122 | Lair:5   | Reached skill level 13 in Armour
 15176 | Lair:4   | Reached skill level 14 in Armour
 15998 | Lair:5   | Acquired the +3 pair of gauntlets of War {Slay+5}
 15998 | Lair:5   | Found the +3 pair of gauntlets of War {Slay+5}
 16260 | Lair:5   | Reached XP level 14. HP: 111/133 MP: 17/17
 16821 | D:11     | Reached skill level 15 in Fighting
 16980 | D:12     | Noticed Kirke
 17038 | D:10     | Killed Kirke
 17056 | D:12     | Noticed Psyche
 17083 | D:11     | Killed Psyche
 17429 | D:12     | Found a staircase to the Orcish Mines.
 17533 | Orc:1    | Entered Level 1 of the Orcish Mines
 17552 | Orc:1    | Noticed Erolcha
 17569 | D:12     | Killed Erolcha
 17688 | Orc:1    | Found Ydeithrao's Jewellery Boutique.
 17904 | Orc:2    | Entered Level 2 of the Orcish Mines
 17995 | Orc:1    | Reached skill level 15 in Armour
 18192 | Orc:2    | Found a staircase to the Elven Halls.
 18455 | Orc:2    | Found Kidasm's General Store.
 18744 | Orc:2    | Found Daip's Antique Weapon Boutique.
 19250 | Orc:2    | Found Pinguth's Armour Shop.
 19256 | Orc:2    | Bought 2 potions of magic for 160 gold pieces
 19263 | Orc:2    | Found Gaqiegao's Antique Armour Shop.
 19265 | Orc:2    | Found Zeklisaaga's Weapon Emporium.
 19271 | Orc:2    | Bought a slimy scarf for 310 gold pieces
 19271 | Orc:2    | Identified the scarf "Tompor" {repulsion, rPois Slay+3}
                  | (You bought it in a shop on level 2 of the Orcish Mines)
 19284 | Orc:2    | Bought a throwing net for 42 gold pieces
 19371 | Orc:1    | Noticed Nergalle
 19380 | Orc:1    | Killed Nergalle
 20556 | D:13     | Found a gate to the Vaults.
 20947 | D:13     | Identified the +2 scale mail of the Devil {SInv}
 21221 | D:13     | Reached skill level 16 in Armour
 21364 | D:14     | Noticed Rupert
 21506 | Elf:1    | Entered Level 1 of the Elven Halls
 21590 | Elf:1    | Reached XP level 15. HP: 140/143 MP: 18/18
 22895 | Elf:1    | Found Oseishue's Assorted Antiques.
 22902 | Elf:1    | Bought a potion of heal wounds for 90 gold pieces
 23093 | Elf:2    | Reached skill level 17 in Armour
 23992 | Elf:2    | Reached skill level 18 in Armour
 24126 | Elf:2    | Paralysed by an air elemental for 1 turns
 24131 | Elf:2    | Paralysed by an air elemental for 1 turns
 24392 | Elf:2    | Found a runed translucent gate.
 24393 | Elf:2    | Found a runed translucent gate.
 24393 | Elf:2    | Found a runed translucent gate.
 24409 | Elf:2    | Noticed a deep elf blademaster
 24474 | Elf:2    | Found Potyxker's Jewellery Shop.
 24540 | Elf:3    | Entered Level 3 of the Elven Halls
 25140 | Lair:1   | Acquired a manual of Evocations
 25142 | Lair:1   | Acquired a +6 eveningstar of holy wrath
 25208 | Spider:1 | Entered Level 1 of the Spider Nest
 25234 | Lair:2   | Reached XP level 16. HP: 132/155 MP: 19/19
 26234 | Spider:1 | Reached skill level 19 in Armour
 28048 | Spider:3 | Noticed Azrael
 28074 | Spider:3 | Killed Azrael
 28246 | Spider:3 | Identified the +0 ring mail "Uche" {-Tele +Inv rN+++
                  | Stlth+}
 28508 | Spider:3 | Noticed Arachne
 28534 | Spider:3 | Killed Arachne
 28535 | Spider:3 | Reached skill level 15 in Maces & Flails
 29209 | Spider:4 | Entered Level 4 of the Spider Nest
 29216 | Spider:4 | Noticed Phlounder's ghost (adept DrCj)
 29219 | Spider:4 | Found a runed translucent door.
 30112 | Spider:4 | HP: 4/148 [meliai/divine providence (13)]
 30140 | Spider:4 | HP: 6/149 [disintegration (18)]
 30573 | Spider:4 | Paralysed by a jorogumo for 3 turns
 30728 | Spider:4 | Identified the +5 pair of gloves "Efikioga" {^Drain rElec
                  | rCorr}
 30739 | Spider:4 | Got a gossamer rune of Zot
 30801 | Spider:4 | Reached XP level 17. HP: 151/157 MP: 20/20
 31088 | Shoals:1 | Entered Level 1 of the Shoals
 31154 | Shoals:1 | Reached skill level 1 in Evocations
 31474 | Shoals:1 | Noticed Louise
 31819 | Shoals:1 | Found Wasseom's Antique Armour Emporium.
 32348 | Shoals:2 | Reached skill level 1 in Spellcasting
 32446 | Shoals:2 | Killed Louise
 33469 | Shoals:3 | Reached skill level 20 in Armour
 33506 | Shoals:2 | Reached skill level 5 in Evocations
 34093 | Shoals:3 | Found Ebytis's Magic Scroll Shoppe.
 34115 | Shoals:3 | Bought a scroll of teleportation for 54 gold pieces
 34115 | Shoals:3 | Bought a scroll of teleportation for 54 gold pieces
 34115 | Shoals:3 | Bought a scroll of identify for 36 gold pieces
 34115 | Shoals:3 | Bought a scroll of teleportation for 54 gold pieces
 34119 | Shoals:3 | Bought a scroll of fear for 72 gold pieces
 34119 | Shoals:3 | Bought a scroll of fear for 72 gold pieces
 34670 | Shoals:4 | Entered Level 4 of the Shoals
 35127 | Shoals:4 | HP: 7/166 [merfolk javelineer/silver javelin (3)]
 35136 | Shoals:4 | Killed from afar by a merfolk aquamancer

Illustrated notes

Levels and vault maps discovered:
D:1:      kilobyte_arrival_exit_the_forest, layout_basic, serial_shops, shop
D:2:      layout_rooms
D:3:      layout_basic
D:4:      minmay_clustersquares, layout_gridville, grunt_qazlal_sundering,
          nicolae_overflow_crystal_walls, serial_rivers,
          chequers_serial_rivers_small_a, chequers_serial_rivers_marsh,
          chequers_serial_rivers_large_b, chequers_serial_rivers_micro_e,
          dk_vineyard_3
D:5:      layout_rooms, uniq_prince_ribbit1
D:6:      layout_loops_ring, minmay_temple_entry_ruins
D:7:      layout_loops_ring, minitemple, mainiacjoe_overflow_boulevard,
          enter_bailey_2
D:8:      layout_basic
D:9:      layout_loops_corners
D:10:     layout_gridville, zin_academy, tso_oasis_becter
D:11:     layout_roguey, portal_ice_cave_entry_animals_and_master, uniq_sonja,
          uniq_harold
D:12:     layout_cross, david_orc_5, nicolae_ru_awakened_eye, uniq_psyche,
          uniq_kirke
D:13:     cheibrodos_statue_roulette, layout_layer_cave, david_vaults_3,
          lightli_minifort
D:14:     regret_index_nemelex_summoning_deck_glade, layout_cave_pools,
          hangedman_abyss_or_decor_stagger, maelrawn_ghost_gauntlet_escape,
          uniq_rupert, uniq_agnes
Lair:1:   layout_big_grid
Lair:2:   layout_long_grid, minmay_shoals_entry_centaurs,
          hellmonk_spider_entry_not_the_bees, nicolae_quartered_pool_medium
Lair:3:   layout_roguey
Lair:4:   layout_regular_city, slime_entry_1, lemuel_centaur_altar,
          infiniplex_staircase_pool, uniq_urug
Lair:5:   minmay_lair_end_enchanted_forest, layout_concentric_octagons,
          kennysheep_basilisk_garden, lemuel_fruit_fields
Shoals:1: layout_shoals, serial_shops, nicolae_shop_hallway_stairs,
          nicolae_shoals_undead_eyrie, uniq_louise
Shoals:2: layout_shoals, nicolae_shoals_nymph_descending_staircase
Shoals:3: layout_shoals, serial_shops, nicolae_diamond_shop
Shoals:4: shoals_end_hangedman, layout_shoals, shoal_ilsuiw,
          nicolae_shoals_wave_tunnel
Spider:1: layout_spider_delve
Spider:2: layout_spider_delve
Spider:3: layout_spider_delve, uniq_azrael, uniq_arachne
Spider:4: hellmonk_spider_rune_endless_swarm, hellmonk_ghost_happy_afterlife
Orc:1:    layout_caves, serial_shops, nicolae_shop_tiny_statue_garden,
          uniq_nergalle, uniq_erolcha
Orc:2:    st_orc_elflike, layout_caves, serial_shops, shop, basic_altar,
          minmay_orc_barracks
Elf:1:    eino_elf_arrival_customs, layout_loops_ring, serial_shops, shop,
          hangedman_elf_disciples
Elf:2:    nicolae_elf_blades_crystal_corner, layout_onion_city, serial_shops,
          shop, uniq_aizul
Elf:3:    elf_hall, layout_gridlike, minivault_16, grunt_megastairs_2

Skill      XL: |  1  2  3  4  5  6  7  8  9 10 11 12 13 14 15 16 17 |
---------------+----------------------------------------------------+-----
Maces & Flails | 2 3 4 5 6 7 9 11 13 14 15 16 | 16.0
Fighting       | 8 11 13 14 16 17 18 | 18.7
Armour         | 9 12 14 16 18 19 20 | 20.1
Evocations     | 6 |  6.3
Spellcasting   | 3 |  3.2
Dodging        | |  1.7
Stealth        | |  4.5

Action                     |  1- 3 |  4- 6 |  7- 9 | 10-12 | 13-15 | 16-18 || total
---------------------------+-------+-------+-------+-------+-------+-------++-------
  Melee: Mace              |   117 |    77 |       |       |   103 |     8 ||   305
         Unarmed           |     1 |       |       |       |       |       ||     1
         Dire flail        |       |    34 |   117 |       |    34 |       ||   185
         Morningstar       |       |       |   282 |   884 |  1736 |       ||  2902
         Punch             |       |       |     5 |    23 |    13 |       ||    41
         Dagger            |       |       |       |    11 |    12 |       ||    23
         Eveningstar       |       |       |       |       |    10 |  1034 ||  1044
   Fire: Sling             |    45 |    27 |       |       |       |       ||    72
  Throw: Dart              |       |    14 |     2 |    13 |     9 |    14 ||    52
         Boomerang         |       |       |     5 |    27 |    34 |    24 ||    90
         Throwing net      |       |       |     1 |       |       |     7 ||     8
  Evoke: Wand              |       |       |       |    11 |     9 |    15 ||    35
         Tin of tremorston |       |       |       |       |     3 |     2 ||     5
    Use: Potion            |     1 |     2 |       |       |     5 |     5 ||    13
         Scroll            |       |     2 |     7 |     4 |     9 |    14 ||    36
   Stab: Sleeping          |     6 |       |       |       |       |       ||     6
         Distracted        |     1 |       |       |       |       |     1 ||     2
 Armour: Leather armour    |    44 |       |       |       |       |       ||    44
         Ring mail         |    25 |    22 |       |       |       |       ||    47
         Skin              |     6 |       |       |       |       |       ||     6
         Chain mail        |       |    54 |       |       |       |       ||    54
         Plate armour      |       |     3 |   328 |   807 |  1838 |  1170 ||  4146
         Crystal plate arm |       |       |       |    25 |       |       ||    25
  Dodge: Dodged            |    58 |    43 |   126 |   295 |   557 |   416 ||  1495
         Repelled          |       |       |       |       |    15 |     7 ||    22
  Block: Other             |    15 |    29 |    23 |       |       |       ||    67
         Reflection        |       |     2 |     1 |       |       |       ||     3
         Buckler           |       |       |       |       |   326 |   260 ||   586

Table legend: (Time is in decaauts)
 A = Elapsed time spent in this place.
 B = Non-inter-level travel time spent in this place.
 C = Inter-level travel time spent in this place.
 D = Time resting spent in this place.
 E = Time spent auto-exploring this place.
 F = Levels seen in this place.
 G = Mean time per level.
                   A        B        C        D        E       F      G
               +--------+--------+--------+--------+--------+-----+--------+
         Total |  34620 |  32403 |   2217 |   3454 |  17868 |  34 | 1018.2 |
       Dungeon |  12735 |  11724 |   1011 |    764 |   7476 |  14 |  909.6 |
          Lair |   6025 |   5678 |    347 |    452 |   3255 |   5 | 1205.0 |
        Shoals |   3944 |   3780 |    164 |    512 |   1785 |   4 |  986.0 |
   Spider Nest |   5759 |   5460 |    299 |    850 |   3091 |   4 | 1439.8 |
  Orcish Mines |   2127 |   1859 |    268 |    213 |    843 |   2 | 1063.5 |
   Elven Halls |   3328 |   3201 |    127 |    583 |   1304 |   3 | 1109.3 |
        Bailey |    437 |    437 |      0 |      0 |    109 |   1 |  437.0 |
      Ice Cave |    262 |    262 |      0 |     77 |      4 |   1 |  262.0 |
               +--------+--------+--------+--------+--------+-----+--------+

Top non-repeatable levels by time:
Spider:3: 1961 daAuts
Spider:4: 1739 daAuts
  Lair:5: 1727 daAuts
    D:13: 1696 daAuts
     D:4: 1695 daAuts
   Elf:2: 1635 daAuts
   Elf:1: 1570 daAuts
  Lair:4: 1555 daAuts
   Orc:2: 1361 daAuts
Shoals:2: 1331 daAuts
Spider:1: 1299 daAuts
    D:11: 1261 daAuts
Shoals:3: 1208 daAuts
Shoals:1: 1065 daAuts
    D:10: 1056 daAuts
